Map: Dusk Towers

Players

Botvinnik

  • Race: Terran Terran
  • League: Master

FireCake - Winner!

  • Race: Zerg Zerg
  • League: Grandmaster

Event: Gauntlet LotV Series 1 Qualifier 2

VOD

Have the link to the VOD?

Description

Time

  • Played on: Dec. 5, 2015, 2:19 p.m.
  • Length: 8:34

All games in this series

Show
View Real Time Build Order
Export as new Build Order

Botvinnik Terran 

Build Orders: Reaper Expand, MMM Bio 

Get SALT Encoding   

  12  0:01  SCV  
  13  0:13  SCV  
  14  0:18  Supply Depot  
  14  0:25  SCV  
  15  0:40  SCV  
  15  0:42  Barracks  
  16  0:44  Refinery  
  16  0:52  SCV  
  17  1:04  SCV  
  18  1:17  SCV  
  19  1:30  Reaper, Orbital Command  
  20  1:39  Command Center  
  20  1:51  Supply Depot  
  20  1:56  SCV  
  21  2:01  Marine  
  21  2:08  SCV  
  23  2:15  Factory  
  23  2:23  Barracks Reactor  
  23  2:24  SCV  
  24  2:37  SCV  
  25  2:43  Command Center  
  25  2:49  SCV  
  26  2:52  Orbital Command  
  26  3:03  SCV  
  27  3:12  Barracks Tech Lab, Hellion x2  
  31  3:15  SCV  
  31  3:18  SCV  
  33  3:28  SCV  
  33  3:30  SCV  
  33  3:33  Hellion x2, Stimpack, Marine  
  40  3:40  Supply Depot  
  40  3:41  SCV  
  40  3:42  SCV  
  42  3:52  Marine  
  42  3:54  SCV x2  
  42  3:55  Orbital Command  
  45  3:57  Refinery  
  45  3:59  Barracks  
  45  4:02  Barracks  
  45  4:05  Factory Reactor  
  45  4:07  SCV x2  
  48  4:19  Engineering Bay  
  48  4:20  SCV, Engineering Bay  
  48  4:21  SCV  
  48  4:22  SCV  
  51  4:24  Marauder  
  52  4:33  SCV x2  
  52  4:35  Refinery  
  52  4:36  Refinery  
  54  4:43  SCV  
  54  4:45  SCV x2  
  57  4:48  Terran Infantry Weapons Level 1, Terran Infantry Armor Level 1  
  57  4:52  Marine  
  57  4:53  Supply Depot, Marine  
  57  4:59  SCV  
  60  5:03  Factory Reactor  
  60  5:04  Marine x3  
  60  5:05  Starport  
  60  5:06  SCV x2  
  64  5:12  Marine x2  
  66  5:17  SCV  
  66  5:18  SCV, Supply Depot  
  69  5:24  Orbital Command, Marine x2  
  69  5:25  Marauder  
  72  5:29  SCV  
  72  5:31  SCV  
  72  5:32  Marine x2  
  72  5:34  Combat Shields  
  76  5:35  Supply Depot  
  76  5:44  SCV x2  
  76  5:45  Marine x2  
  76  5:47  Marauder  
  76  5:48  Factory Tech Lab, Medivac  
  84  5:50  SCV  
  84  5:55  Supply Depot  
  84  5:57  Supply Depot, Medivac, SCV x2, Marine x2  
  85  5:58  Armory  
  85  6:03  SCV  
  92  6:05  Marine  
  92  6:10  Refinery  
  93  6:17  SCV, Marauder, Siege Tank, Marine  
  100  6:18  SCV  
  100  6:19  Supply Depot, Barracks, SCV  
  100  6:20  Barracks  
  100  6:23  Supply Depot  
  102  6:31  Medivac x2  
  106  6:33  Marine x3  
  106  6:39  SCV x2  
  109  6:40  SCV  
  109  6:45  Marauder  
  108  6:49  Marine  
  108  6:51  Siege Tank  
  112  6:54  SCV x2  
  113  7:04  Marine x2  
  113  7:05  Marine  
  113  7:07  Marauder  
  118  7:11  Supply Depot  
  118  7:13  SCV x2  
  118  7:14  SCV, Supply Depot  
  121  7:17  Barracks Reactor x2, Medivac  
  120  7:31  Marauder, Marine x3  
  120  7:33  Marine  
  120  7:34  SCV, Siege Tank  
  120  7:35  Supply Depot  
  120  7:36  Supply Depot  
  121  7:52  Supply Depot  
  121  7:53  Supply Depot  
  121  7:56  Marine  
  94  8:13  Marine x6  
  94  8:15  Marine  
Show
View Real Time Build Order
Export as new Build Order

FireCake Zerg - Winner!

Build Orders: Pool First 

Get SALT Encoding   

  12  0:01  Drone  
  13  0:08  Drone  
  14  0:17  Overlord  
  14  0:24  Drone, Extractor  
  15  0:35  Drone x2  
  17  0:44  Spawning Pool  
  17  0:47  Drone  
  17  1:08  Hatchery  
  17  1:10  Drone  
  17  1:12  Extractor  
  17  1:15  Drone  
  17  1:18  Drone  
  18  1:31  Queen  
  18  1:32  Drone  
  21  1:40  Overlord  
  21  1:49  Zergling x2  
  22  1:59  Drone  
  23  2:07  Queen  
  25  2:17  Drone  
  25  2:21  Queen  
  28  2:26  Drone  
  28  2:27  Drone  
  30  2:35  Drone  
  30  2:42  Drone x3, Queen  
  30  2:43  Drone  
  36  2:54  Overlord  
  36  2:57  Roach Warren  
  35  3:07  Hatchery  
  34  3:13  Drone x4  
  34  3:19  Drone  
  41  3:20  Drone x2  
  41  3:24  Overlord  
  41  3:31  Drone  
  41  3:32  Drone x2  
  44  3:36  Overlord  
  44  3:38  Overlord  
  44  3:54  Roach x2  
  44  3:55  Roach x2  
  52  3:56  Drone x3  
  52  3:59  Overlord  
  52  4:01  Overlord  
  55  4:03  Drone  
  55  4:07  Drone  
  57  4:17  Drone x2  
  57  4:19  Extractor  
  57  4:20  Lair, Extractor  
  57  4:31  Drone  
  57  4:32  Drone  
  57  4:33  Extractor  
  57  4:34  Drone x3  
  57  4:35  Roach x2  
  57  4:36  Drone  
  57  4:37  Drone  
  67  4:40  Evolution Chamber  
  67  4:43  Evolution Chamber  
  65  4:50  Drone  
  65  4:51  Drone x6  
  72  4:58  Drone x3  
  72  4:59  Drone x5  
  80  5:06  Overlord  
  80  5:08  Drone x2  
  80  5:09  Zerg Missile Weapons Level 1  
  80  5:13  Zerg Ground Armor Level 1  
  82  5:22  Drone x6  
  82  5:23  Glial Reconstitution  
  82  5:24  Extractor x2  
  86  5:34  Drone x8  
  94  5:43  Overseer  
  94  5:46  Overlord x2  
  94  5:47  Overlord  
  94  5:49  Overlord  
  94  5:54  Hatchery  
  94  5:55  Overlord  
  94  5:56  Spore Crawler, Overlord  
  92  5:58  Overlord  
  92  6:00  Pneumatized Carapace  
  92  6:02  Roach  
  94  6:08  Roach  
  94  6:09  Roach x3  
  102  6:14  Roach x4  
  110  6:23  Roach x4  
  118  6:32  Roach x3  
  132  6:33  Roach x5  
  132  6:36  Roach  
  138  6:47  Roach x6  
  148  6:55  Overlord x3  
  148  6:56  Overlord x2  
  146  7:05  Roach  
  146  7:06  Roach x4  
  156  7:10  Roach x2  
  160  7:17  Ravager x8  
  168  7:25  Roach x7  
  178  7:34  Roach x6  
  187  7:49  Roach x6  
  194  8:05  Roach x4  
Tags
 
Add a new tag
Caveats
  • Supply blocks, unpowered buildings, or Contaminate may cause inaccurate times.
  • Supply counts are checked every 10 seconds.